 Dungeon Crawl Stone Soup version 0.27.1 (webtiles) character file.

Game seed: 6001977543649487957

4 hawla the Sneak (level 1, 0/13 HPs)
             Began as a Deep Elf Delver on Aug 23, 2021.
             Slain by Jessica (4 damage)
             ... on level 2 of the Dungeon.
             The game lasted 00:02:40 (604 turns).

hawla the Sneak (Deep Elf Delver)                    Turns: 604, Time: 00:02:41

Health: 0/13       AC:  3    Str:  9    XL:     1   Next: 58%
Magic:  3/3        EV: 12    Int: 14    God:
Gold:   12         SH:  0    Dex: 16    Spells: 0/0 levels left

rFire    . . .     SeeInvis .   a - +0 short sword
rCold    . . .     Faith    .   (no shield)
rNeg     . . .     Spirit   .   b - +0 leather armour
rPois    .         Reflect  .   (no helmet)
rElec    .         Harm     .   (no cloak)
rCorr    .         Rampage  .   (no gloves)
Will     .....                  (no boots)
Stlth    +++.......             (no amulet)
HPRegen  0.04/turn              (no ring)
MPRegen  0.08/turn              (no ring)

@: hasted, very quick
A: no striking features
a: no special abilities


You were on level 2 of the Dungeon.
You visited 1 branch of the dungeon, and saw 4 of its levels.

You collected 12 gold pieces.

Inventory:

Hand Weapons
 a - a +0 short sword (weapon)
Armour
 b - a +0 leather armour (worn)
Wands
 g - a wand of digging (3)
Scrolls
 d - a scroll of magic mapping


   Skills:
 + Level 2.4 Fighting
 + Level 2.1 Short Blades
 + Level 2.4 Dodging
 + Level 6.2 Stealth


You couldn't memorise any spells.
You didn't know any spells.
Your spell library was empty.

Dungeon Overview and Level Annotations

Branches:
Dungeon (5/15)
 Temple: D:4-7

Altars:

Annotations:
D:2 Jessica
D:5 Menkaure


Message History

Jessica shouts!
You see here 29 arrows.
Jessica says, "Why did you come here?" The quokka closely misses you.
As you read the scroll of fog, it crumbles to dust.
The scroll dissolves into smoke.
The quokka barely misses you.
The quokka bites you but does no damage.
The quokka bites you.
A bat comes into view.
The quokka bites you.
The quokka bites you but does no damage.
Found a fizzy emerald potion.
Okay, then.
As you read the scroll of magic mapping, it crumbles to dust.
You feel aware of your surroundings.
You sensed 1 altar.
The quokka bites you.
Jessica mumbles some strange words.
Jessica blinks!
The quokka bites you but does no damage.
You hit Jessica.
Jessica is moderately wounded.
The quokka completely misses you. Jessica completely misses you.
You feel yourself speed up. The quokka misses you.
Jessica hits you but does no damage.
You closely miss Jessica.
Jessica is moderately wounded.
The quokka misses you. Jessica barely misses you.
You hit Jessica.
Jessica is heavily wounded.
The quokka twitches its whiskers.
The quokka barely misses you.
You hit Jessica.
Jessica is severely wounded.
Jessica hits you with a +0 dagger.
You hit Jessica but do no damage.
Jessica is severely wounded.
The quokka misses you.
You hit Jessica.
Jessica is severely wounded.
Jessica hits you with a +0 dagger.
You die...

*,* #.*******,***,,*
**,,,* *,* #.# **,,,*,*
**,** *,* #.#
###******,* **,* *,* #.#
#b.,,,,,,,* *,**
*,######.# #.#********
**,* ,,.....#.## #.#
**,*##** *,**
,,........# #§# *,*..,,*
**+**
,,***#.#..###.####.#****
*,,,* ,,*
#.#....§§§r@..# *,,,*
,,* #§§§§###§###@.#
*,,,* ..####....# #§#
*..# *****
$....(....###§# *..#
........@.§§§§# *..#
....###...#####
*!.#***********
..........#
*...,,,,,,,,,,*
.#.#####..#
*.##*********,*
,#.****#..# *,* *,*


You could see Jessica and a quokka.

Vanquished Creatures
  An endoplasm (D:4)
  A goblin (D:4)
  A hobgoblin (D:2)
  A kobold (D:3)
4 creatures vanquished.

Notes
Turn   | Place    | Note
-------+----------+-------------------------------------------
     0 | D:5      | hawla the Deep Elf Delver began the quest for the Orb.
     0 | D:5      | Reached XP level 1. HP: 13/13 MP: 3/3
     5 | D:5      | Noticed Menkaure
   109 | D:4      | Noticed an ogre
   367 | D:4      | Noticed a scorpion
   578 | D:2      | Noticed Jessica
   604 | D:2      | Slain by Jessica

Illustrated notes

Levels and vault maps discovered:
D:2:      layout_loops_ring, basic_altar, uniq_crazy_yiuf_cottage, uniq_sigmund,
          uniq_jessica
D:3:      layout_loops_ring, kiku_gazebo_pond_becter, serial_forest,
          infiniplex_forest_lined_room_3, infiniplex_forest_fountain,
          infiniplex_forest_end_2, infiniplex_forest_lined_ring
D:4:      minmay_wonky_spiral, layout_layer_cave,
          nicolae_overflow_crystal_walls, lemuel_doored_altar
D:5:      layout_cave_pools, fedhas_altar_1, old_standard_altar,
          minmay_temple_entry_arrows, uniq_menkaure

Action                   || total
-------------------------++-------
Melee: Short sword       ||    19
  Use: Scroll            ||     3
       Potion            ||     1
Armor: Leather armour    ||     5
Dodge: Dodged            ||    16
